 Dungeon Crawl Stone Soup version 0.29.1-15-g9cfb28693d (webtiles) character file.

Game seed: 10665227510589647508

655 zeram the Shield-Bearer (level 7, -4/53 (60) HPs)
             Began as a Gnoll Fighter on Apr 18, 2023.
             Slain by an iguana (10 damage)
             ... on level 4 of the Dungeon.
             The game lasted 00:04:58 (4800 turns).

zeram the Shield-Bearer (Gnoll Fighter)             Turns: 4800, Time: 00:04:59

HP:   -4/53 (60)    AC: 11    Str: 15    XL:     7   Next: 54%
MP:   11/11         EV: 10    Int:  9    God:
Gold: 273           SH:  6    Dex: 12    Spells: 11/11 levels left

rFire   . . .      SeeInvis .   m - +4 short sword (flame)
rCold   . . .      Faith    .   c - +1 buckler
rNeg    . . .      Spirit   .   b - +0 scale mail
rPois   .          Reflect  .   (no helmet)
rElec   .          Harm     .   n - +0 cloak
rCorr   .          Rampage  .   (no gloves)
Will    .....                   i - +1 pair of boots
Stlth   +.........              l - amulet of magic regeneration
HPRegen 0.17/turn               (no ring)
MPRegen 0.52/turn               (no ring)

@: heavily drained
A: fangs 1, strong nose, distributed training
a: no special abilities


You were on level 4 of the Dungeon.
You visited 1 branch of the dungeon, and saw 5 of its levels.

You collected 273 gold pieces.

Inventory:

Hand Weapons
 a - a +0 war axe
 m - a +4 short sword of flaming (weapon)
Armour
 b - a +0 scale mail (worn)
 c - a +1 buckler (worn)
 i - a +1 pair of boots (worn)
 n - a +0 cloak (worn)
Jewellery
 e - a ring of willpower
 l - an amulet of magic regeneration (around neck)
Wands
 k - a wand of digging (4)
 o - a wand of flame (4)
Scrolls
 h - a scroll of fear
Potions
 f - a potion of attraction
 g - a potion of brilliance
 p - a potion of berserk rage {unknown}


   Skills:
 + Level 7.1 Fighting
 + Level 2.6 Short Blades
 + Level 2.6 Long Blades
 + Level 5.3 Axes
 + Level 2.6 Maces & Flails
 + Level 2.6 Polearms
 + Level 2.6 Staves
 + Level 2.6 Ranged Weapons
 + Level 2.6 Throwing
 + Level 7.1 Armour
 + Level 2.6 Dodging
 + Level 2.6 Stealth
 + Level 7.1 Shields
 + Level 2.6 Unarmed Combat
 + Level 2.6 Spellcasting
 + Level 2.1 Conjurations
 + Level 2.1 Hexes
 + Level 2.1 Summonings
 + Level 2.1 Necromancy
 + Level 2.1 Translocations
 + Level 2.1 Transmutations
 + Level 2.1 Fire Magic
 + Level 2.1 Ice Magic
 + Level 2.1 Air Magic
 + Level 2.1 Earth Magic
 + Level 2.1 Poison Magic
 + Level 3.0 Invocations
 + Level 2.6 Evocations


You had 11 spell levels left.
You didn't know any spells.
Your spell library was empty.

Dungeon Overview and Level Annotations

Branches:
Dungeon (5/15)
 Temple: D:4-7

Altars:
Dithmenos

Annotations:
D:4 2 transporters, Seidenschwarz's ghost, amateur DECj


Innate Abilities, Weirdness & Mutations

You have very sharp teeth.
Your uncanny sense of smell can sniff out nearby items.
Your experience applies equally to all skills.


Message History

The iguana bites you but does no damage.
The wight hits you with a +1 dire flail!
You feel drained.
You hit the iguana. You burn the iguana.
The iguana is lightly wounded.
The wight closely misses you.
The iguana bites you but does no damage.
The wight hits you with a +1 dire flail!
You feel drained. You block the wight's attack. The iguana bites you!
You block the wight's attack.
You climb upwards.
Level annotation: 2 transporters, Seidenschwarz's ghost, amateur DECj
There is a stone staircase leading down, spattered with blood here.
The wight attacks as you move away! You block the wight's attack.
Things that are here:
a +0 robe; a +5 short sword The iguana bites you.
You hit the iguana. You burn the iguana. You bite the iguana.
The iguana is heavily wounded.
The iguana bites you.
You barely miss the iguana.
The iguana is heavily wounded.
The iguana bites you!
* * * LOW HITPOINT WARNING * * *
You closely miss the iguana. You bite the iguana.
The iguana is heavily wounded.
You block the iguana's attack.
Unknown command.
You closely miss the iguana.
The iguana is heavily wounded.
The iguana bites you.
* * * LOW HITPOINT WARNING * * *
You barely miss the iguana.
The iguana is heavily wounded.
The iguana bites you but does no damage.
You hit the iguana. You burn the iguana. Your bite misses the iguana.
The iguana is severely wounded.
The iguana bites you!
You die...

#
##.###....#...##.##.#
# ##.#..###.##.##.##.#
#
###.....######.##.##.#
#####.........#
#.##.##.#
..............#
#.......#
#####......[>.#
#.#.###.###
#.....(..[# #.#.#
#...#
#.........####.#.#
#.#.#
#.........zl@..#.#
#.#.#
#..........#####.#
#.#.# #..........# #.#
#.#.# #..........# #.#
#.#.# #######.##.#
#.###.#.#
#.##.#####..#....#
#................#
####......#.#...##
######.#.##.##


You could see an iguana and a wight.

Vanquished Creatures
  A water moccasin (D:4)
  An ogre (D:4)
  3 wights
  A hound (D:4)
  Crazy Yiuf (D:3)
  An iguana (D:4)
  Natasha (thrice) (D:3)
  4 adders
  5 gnolls
  3 worms
  2 dart slugs (D:2)
  8 endoplasms
  2 goblins
  7 hobgoblins
  3 jackals (D:2)
  5 quokkas
  6 ball pythons
  5 bats
  2 frilled lizards
  2 kobolds
  4 rats
69 creatures vanquished.

Notes
Turn   | Place    | Note
-------+----------+-------------------------------------------
     0 | D:1      | zeram the Gnoll Fighter began the quest for the Orb.
     0 | D:1      | Reached XP level 1. HP: 23/23 MP: 1/1
   239 | D:1      | Reached XP level 2. HP: 25/29 MP: 2/2
   846 | D:1      | Reached XP level 3. HP: 35/35 MP: 3/3
   975 | D:2      | Reached skill level 1 in Invocations
  1242 | D:2      | Reached skill level 1 in Short Blades
  1242 | D:2      | Reached skill level 1 in Long Blades
  1242 | D:2      | Reached skill level 1 in Maces & Flails
  1242 | D:2      | Reached skill level 1 in Polearms
  1242 | D:2      | Reached skill level 1 in Staves
  1242 | D:2      | Reached skill level 1 in Ranged Weapons
  1242 | D:2      | Reached skill level 1 in Throwing
  1242 | D:2      | Reached skill level 1 in Dodging
  1242 | D:2      | Reached skill level 1 in Stealth
  1242 | D:2      | Reached skill level 1 in Unarmed Combat
  1242 | D:2      | Reached skill level 1 in Spellcasting
  1242 | D:2      | Reached skill level 1 in Evocations
  1262 | D:2      | Found a shadowy altar of Dithmenos.
  1496 | D:2      | Found a faded altar of an unknown god.
  1551 | D:2      | Reached XP level 4. HP: 41/41 MP: 5/5
  1971 | D:3      | Reached skill level 1 in Conjurations
  1971 | D:3      | Reached skill level 1 in Hexes
  1971 | D:3      | Reached skill level 1 in Summonings
  1971 | D:3      | Reached skill level 1 in Necromancy
  1971 | D:3      | Reached skill level 1 in Translocations
  1971 | D:3      | Reached skill level 1 in Transmutations
  1971 | D:3      | Reached skill level 1 in Fire Magic
  1971 | D:3      | Reached skill level 1 in Ice Magic
  1971 | D:3      | Reached skill level 1 in Air Magic
  1971 | D:3      | Reached skill level 1 in Earth Magic
  1971 | D:3      | Reached skill level 1 in Poison Magic
  2505 | D:3      | Reached XP level 5. HP: 40/47 MP: 5/7
  2854 | D:3      | Noticed Natasha
  2860 | D:3      | Killed Natasha
  3067 | D:3      | Noticed Natasha
  3077 | D:3      | Killed Natasha
  3169 | D:3      | Found a runed translucent door.
  3170 | D:3      | Noticed Crazy Yiuf
  3296 | D:3      | Noticed Natasha
  3305 | D:3      | Killed Natasha
  3385 | D:3      | Killed Crazy Yiuf
  3386 | D:3      | Reached XP level 6. HP: 32/53 MP: 8/8
  3691 | D:4      | Reached skill level 5 in Axes
  4198 | D:4      | Identified the +4 dire flail of Undoing {antimagic, rF+}
  4198 | D:4      | Noticed Seidenschwarz's ghost (amateur DECj)
  4207 | D:4      | Found a transporter.
  4211 | D:4      | Found a transporter.
  4366 | D:5      | Entered Level 5 of the Dungeon
  4367 | D:5      | Noticed a water moccasin
  4375 | D:4      | Killed a water moccasin
  4376 | D:4      | Reached XP level 7. HP: 53/60 MP: 10/10
  4800 | D:4      | Slain by an iguana

Illustrated notes

Levels and vault maps discovered:
D:1:      lightli_arrival_lavapool, layout_basic, minmay_hedge_maze
D:2:      layout_loops_corners, shapermc_ecumenical_altar_mp_highgroup,
          basic_altar
D:3:      layout_basic, uniq_natasha, uniq_crazy_yiuf_cottage
D:4:      layout_loops_ring, gammafunk_ghost_smash
D:5:      layout_basic, lightli_temple_of_fire

Skill      XL: |  1  2  3  4  5  6  7 |
---------------+----------------------+-----
Invocations    | 1 2 3 |  3.0
Short Blades   | 1 2 |  2.6
Long Blades    | 1 2 |  2.6
Maces & Flails | 1 2 |  2.6
Polearms       | 1 2 |  2.6
Staves         | 1 2 |  2.6
Ranged Weapons | 1 2 |  2.6
Throwing       | 1 2 |  2.6
Dodging        | 1 2 |  2.6
Stealth        | 1 2 |  2.6
Unarmed Combat | 1 2 |  2.6
Spellcasting   | 1 2 |  2.6
Evocations     | 1 2 |  2.6
Conjurations   | 1 2 |  2.1
Hexes          | 1 2 |  2.1
Summonings     | 1 2 |  2.1
Necromancy     | 1 2 |  2.1
Translocations | 1 2 |  2.1
Transmutations | 1 2 |  2.1
Fire Magic     | 1 2 |  2.1
Ice Magic      | 1 2 |  2.1
Air Magic      | 1 2 |  2.1
Earth Magic    | 1 2 |  2.1
Poison Magic   | 1 2 |  2.1
Axes           | 5 |  5.3
Fighting       | 7 |  7.1
Armour         | 7 |  7.1
Shields        | 7 |  7.1

Action                   |  1- 3 |  4- 6 |  7- 9 || total
-------------------------+-------+-------+-------++-------
Melee: War axe           |    23 |       |       ||    23
       Bite              |     6 |    14 |     7 ||    27
       Short sword       |    57 |   120 |    29 ||   206
  Use: Scroll            |     5 |    10 |       ||    15
       Potion            |       |     4 |     1 ||     5
Armor: Scale mail        |    28 |    54 |     4 ||    86
Dodge: Dodged            |    28 |    44 |    13 ||    85
Block: Buckler           |    37 |    44 |    11 ||    92
